 Dungeon Crawl Stone Soup version 0.29-a0-887-gcbe080d7e0 (webtiles) character file.

Game seed: 18089104986054860408

170 nicolae the Changer (level 5, -2/37 HPs)
             Began as a Merfolk Transmuter on July 22, 2022.
             Slain by an orc
             ... wielding a +0 flail
              (5 damage)
             ... on level 3 of the Dungeon.
             The game lasted 00:07:26 (3988 turns).

nicolae the Changer (Merfolk Transmuter)            Turns: 3988, Time: 00:07:27

Health: -2/37      AC:  3    Str: 10    XL:     5   Next: 51%
Magic:  6/8        EV: 12    Int: 14    God:
Gold:   100        SH:  0    Dex: 15    Spells: 2/8 levels left

rFire   . . .      SeeInvis .     - Unarmed
rCold   . . .      Faith    .   (no shield)
rNeg    . . .      Spirit   .   i - +0 leather armour
rPois   .          Reflect  .   (no helmet)
rElec   .          Harm     .   (no cloak)
rCorr   .          Rampage  .   (no gloves)
Will    .....                   (no boots)
Stlth   +.........              (no amulet)
HPRegen 0.12/turn               (no ring)
MPRegen 0.11/turn               (no ring)

@: flying
A: (nimble swimmer 2), mertail
a: no special abilities


You were on level 3 of the Dungeon.
You visited 1 branch of the dungeon, and saw 3 of its levels.

You collected 100 gold pieces.

Inventory:

Missiles
 k - 6 poisoned darts
Armour
 i - a +0 leather armour (worn)
Jewellery
 b - a +6 ring of strength
 h - a ring of ice
Scrolls
 a - 2 scrolls of enchant weapon {unknown}
 c - 3 scrolls of identify {unknown}
 f - a scroll of magic mapping {unknown}
 j - a scroll of fear {unknown}
Potions
 d - a potion of cancellation
 e - a potion of degeneration {unknown}
 g - a potion of flight


   Skills:
 - Level 1.1 Fighting
 - Level 2.6 Dodging
 - Level 3.2 Unarmed Combat
 - Level 2.0 Spellcasting
 - Level 5.0 Transmutations
 + Level 4.2 Poison Magic


You had 2 spell levels left.
You knew the following spells:

 Your Spells              Type           Power      Damage    Failure   Level
a - Beastly Appendage     Tmut           30%        N/A       4%          1
b - Wereblood             Tmut           15%        N/A       6%          2
c - Spider Form           Tmut/Pois      14%        N/A       14%         3

Your spell library contained the following spells:

 Spells                   Type           Power      Damage    Failure   Level
 Ice Form                 Ice/Tmut       8%         N/A       75%         4
 Agony                    Necr           1%         N/A       100%        5
 Simulacrum               Ice/Necr       0%         N/A       100%        6
 Necromutation            Tmut/Necr      4%         N/A       100%        8


Dungeon Overview and Level Annotations

Branches:
Dungeon (3/15)

Altars:


Innate Abilities, Weirdness & Mutations

((You are very nimble when in or above water. (Stealth+, EV+, Speed+++)))
Your lower body shifts to a powerful aquatic tail in water.


Message History

You hit the hobgoblin.
You feel a bit better.
You kill the hobgoblin!
You howl as the wereblood boils in your veins!
The hobgoblin barely misses you. Something hits you.
The orc hits you but does no damage.
Items here: )) †††.
You hit something. The hobgoblin hits you.
You hear some strange, mumbled words.
A puff of flame appears from out of thin air!
The puff of flame hits you.
The orc priest looks encouraged for a moment.
The orc closely misses you.
You hit something. The hobgoblin hits you. Something hits you.
The orc priest looks braver for a moment.
The orc hits you with a +0 flail.
You hit something. The hobgoblin barely misses you. Something hits you.
The orc closely misses you.
You hit something. The hobgoblin completely misses you.
Something hits you but does no damage. The orc misses you.
You closely miss something.
The hobgoblin hits you but does no damage.
Something hits you. The orc hits you with a +0 flail.
You closely miss something. The hobgoblin closely misses you.
Something hits you. The orc hits you with a +0 flail.
* * * LOW HITPOINT WARNING * * *
It was a potion of cancellation.
Your magical effects are unravelling.
You feel magically purged.
Your primal bloodlust has ended.
The hobgoblin misses you. Something hits you.
* * * LOW HITPOINT WARNING * * *
The orc barely misses you.
It was a potion of flight.
You feel very buoyant.
You fly up into the air.
The hobgoblin hits you but does no damage.
Something hits you.
* * * LOW HITPOINT WARNING * * *
The orc hits you with a +0 flail.
You die...

#...<.......
###.####.#.. ... #.#
# ..... ... .#
##########.# .#
#...<......#..#
#.#######.o#..#### #
#.# #....o{g...... #
#.# #.####@#.##### #
#.# #.# #.#.# # #.#
#.# #.#.#
#######.###.## #.#.#
.........#...###.#.#
######.....#.....#.#
.........#...#####.#
.......#...........#
###############.####


You could see an orc priest, an orc and a hobgoblin.

Vanquished Creatures
  Jessica (D:2)
  Natasha (twice) (D:2)
  2 adders (D:2)
  A worm (D:2)
  2 orcs (D:3)
  3 ball pythons
  10 endoplasms
  2 giant cockroaches
  5 hobgoblins
  4 jackals
  3 quokkas
  3 bats (D:1)
  6 kobolds
  7 rats
51 creatures vanquished.

Vanquished Creatures (others)
  Natasha (D:2)
1 creature vanquished.

Grand Total: 52 creatures vanquished

Notes
Turn   | Place    | Note
-------+----------+-------------------------------------------
     0 | D:1      | nicolae the Merfolk Transmuter began the quest for the Orb.
     0 | D:1      | Reached XP level 1. HP: 15/15 MP: 3/3
   145 | D:1      | Reached skill level 3 in Transmutations
   473 | D:1      | Reached XP level 2. HP: 21/21 MP: 1/5
   480 | D:1      | Learned a level 2 spell: Wereblood
   715 | D:1      | Reached skill level 4 in Transmutations
  1099 | D:1      | Reached XP level 3. HP: 21/26 MP: 4/6
  1449 | D:2      | Learned a level 3 spell: Spider Form
  1571 | D:2      | Reached skill level 5 in Transmutations
  1740 | D:2      | Reached skill level 1 in Poison Magic
  2144 | D:2      | Reached XP level 4. HP: 32/32 MP: 5/7
  2367 | D:2      | Noticed Natasha
  2387 | D:2      | Killed Natasha
  2694 | D:2      | Noticed Jessica
  2702 | D:2      | Killed Jessica
  3236 | D:2      | Reached XP level 5. HP: 34/37 MP: 6/8
  3421 | D:2      | Noticed Natasha
  3441 | D:2      | Killed Natasha
  3462 | D:2      | Noticed Natasha
  3480 | D:2      | Killed Natasha
  3878 | D:3      | Got the Disquisition on the Sinister Winter
  3988 | D:3      | Slain by an orc

Illustrated notes

Levels and vault maps discovered:
D:1:      dpeg_cavernosity, layout_rooms
D:2:      layout_loops_corners, uniq_natasha, uniq_jessica
D:3:      layout_loops_ring, nicolae_sif_muna_little_library,
          lemuel_doored_altar, chequers_ecumenical_altar_simple_redux

Skill      XL: |  1  2  3  4  5 |
---------------+----------------+-----
Transmutations | 3 4 5 |  5.0
Poison Magic   | 1 3 4 |  4.2
Fighting       | |  1.1
Dodging        | |  2.6
Unarmed Combat | |  3.2
Spellcasting   | |  2.0

Action                   |  1- 3 |  4- 6 || total
-------------------------+-------+-------++-------
Melee: Unarmed           |   107 |   105 ||   212
       Headbutt          |    19 |     8 ||    27
       Punch             |     2 |     3 ||     5
 Cast: Beastly Appendage |    16 |    12 ||    28
       Wereblood         |       |     1 ||     1
  Use: Potion            |       |     5 ||     5
 Stab: Sleeping          |     1 |     1 ||     2
Armor: Robe              |     7 |       ||     7
       Leather armour    |    20 |    16 ||    36
       Skin              |       |    18 ||    18
Dodge: Dodged            |    61 |    61 ||   122

Table legend: (Time is in decaauts)
 A = Elapsed time spent in this place.
 B = Non-inter-level travel time spent in this place.
 C = Inter-level travel time spent in this place.
 D = Time resting spent in this place.
 E = Time spent auto-exploring this place.
 F = Levels seen in this place.
 G = Mean time per level.
                   A        B        C        D        E       F      G
               +--------+--------+--------+--------+--------+-----+--------+
         Total |   3992 |   3816 |    176 |   1400 |   1935 |   3 | 1330.7 |
       Dungeon |   3992 |   3816 |    176 |   1400 |   1935 |   3 | 1330.7 |
               +--------+--------+--------+--------+--------+-----+--------+

Top non-repeatable levels by time:
     D:2: 2430 daAuts
     D:1: 1428 daAuts
     D:3: 134 daAuts
